 Dungeon Crawl Stone Soup version 0.24.0-2-g5b39cebb1c (webtiles) character file.

Game seed: 784002805563657950, levelgen mode: deterministic

108 Aviak the Skirmisher (level 4, -2/40 HPs)
             Began as a Draconian Abyssal Knight on Oct 30, 2019.
             Was a Believer of Lugonu.
             Slain by Sigmund
             ... wielding a +1 scythe of protection
              (12 damage)
             ... on level 3 of the Dungeon.
             The game lasted 00:02:03 (1898 turns).

Aviak the Skirmisher (Draconian Abyssal Knight)     Turns: 1898, Time: 00:02:04

Health: -2/40      AC:  5    Str: 15    XL:     4   Next: 58%
Magic:  6/6        EV: 13    Int: 12    God:    Lugonu [**....]
Gold:   138        SH:  0    Dex: 11    Spells: 3/3 levels left

rFire    . . .     SeeInvis .   k - +0 halberd
rCold    . . .     Gourm    .   (shield currently unavailable)
rNeg     . . .     Faith    .   (armour unavailable)
rPois    .         Spirit   .   (helmet restricted)
rElec    .         Reflect  .   (no cloak)
rCorr    .         Harm     .   (no gloves)
MR       .....                  (no boots)
Stlth    +.........             (no amulet)
HPRegen  0.13/turn              (no ring)
MPRegen  0.10/turn              (no ring)

@: lethally poisoned (-2 -> -4)
A: unfitting armour, cold-blooded, AC +5
a: Depart the Abyss, Bend Space, Renounce Religion


You were on level 3 of the Dungeon.
You worshipped Lugonu.
Lugonu was pleased with you.
You were not hungry.

You visited 1 branch of the dungeon, and saw 3 of its levels.
You visited the Abyss 1 time.

You collected 138 gold pieces.

Inventory:

Hand Weapons
 a - a +1 spear
 k - a +0 halberd (weapon)
Scrolls
 c - a scroll of identify {unknown}
 e - 3 scrolls of immolation {unknown}
 f - a scroll of enchant armour {unknown}
 g - a scroll of random uselessness {unknown}
 i - a scroll of fog {unknown}
 j - a scroll of magic mapping {unknown}
Comestibles
 b - 3 rations


   Skills:
 + Level 4.1 Fighting
 + Level 2.9 Polearms
 + Level 2.9 Dodging
 + Level 3.1 Invocations


You had 3 spell levels left.
You didn't know any spells.
Your spell library was empty.

Dungeon Overview and Level Annotations

Branches:
Dungeon (3/15)

Altars:

Annotations:
D:3 Sigmund


Innate Abilities, Weirdness & Mutations

Your plain brown scales are hard. (AC +5)
You cannot fit into any form of body armour.
You are cold-blooded and may be slowed by cold attacks.


Message History

You feel sick. The adder bites you but does no damage.
Something barely misses you.
You slash the adder!
You kill the adder!
Lugonu accepts your kill.
You feel sick. Something hits you!
You see here an adder corpse.
You closely miss something.
Your tail-slap misses something.
Something hits you but does no damage.
It was a potion of cancellation.
You feel magically purged.
You feel sick. Something hits you!
* * * LOW HITPOINT WARNING * * *
It was a potion of heal wounds.
You feel much better.
You barely miss something. Something hits you but does no damage.
You miss something. Something hits you.
You puncture something!
You feel sick. Something hits you!
You miss something. Something hits you!
* * * LOW HITPOINT WARNING * * *
You hit something but do no damage. Something hits you!
You die...

##.##.#.##.#####...####.#
#.###............##...
##.#....###.....>.....
##...#..# #......##...
#.......# #.#...#.....
##.#..#.#.## #.#.........
#.........# #.#.###.....
#######{######.#.#####...
#..@.........# #...
##.########..# ##.# ♣
###...>.......# #.#
♣♣.#.)##########.# #<.
♣♣......#########.# ###
♣..)..............#
♣.♣..#.##.###.###### ♣
♣♣♣####.# #.###########
#.#.# #.##........#


There were no monsters in sight!

Vanquished Creatures
  3 gnolls
  3 adders
  An adder skeleton (D:3)
  A dart slug (D:2)
  A leopard gecko (D:1)
  A giant cockroach (D:3)
  9 goblins
  6 hobgoblins
  8 kobolds
  2 ball pythons
  3 bats
  2 frilled lizards (D:1)
  8 rats
48 creatures vanquished.

Notes
Turn   | Place    | Note
-------+----------+-------------------------------------------
     0 | Abyss:1  | Aviak the Draconian Abyssal Knight began the quest for the
                  | Orb.
     0 | Abyss:1  | Reached XP level 1. HP: 19/19 MP: 2/2
    28 | Abyss:1  | Found a snail-covered altar of Cheibriados.
    43 | D:1      | Escaped the Abyss
    79 | D:1      | Reached XP level 2. HP: 18/26 MP: 3/3
   485 | D:1      | Reached XP level 3. HP: 28/33 MP: 4/4
   511 | D:1      | Reached ** piety under Lugonu
  1336 | D:2      | Reached XP level 4. HP: 34/40 MP: 6/6
  1359 | D:2      | Found a faded altar of an unknown god.
  1574 | D:3      | Reached skill level 4 in Fighting
  1870 | D:3      | Noticed Sigmund
  1898 | D:3      | Slain by Sigmund

Levels and vault maps discovered:
D:1:      roderic_crossed_star, layout_basic, grunt_decor_arrowhead
D:2:      layout_loops_cross, chequers_ecumenical_altar_island
D:3:      wad_pebble_path, layout_loops_ring, grunt_dithmenos_smoke,
          minmay_misc_feat_pillars, serial_bayou_pond_e, uniq_sigmund,
          uniq_crazy_yiuf_cottage, uniq_natasha

Skill      XL: |  1  2  3  4 |
---------------+-------------+-----
Fighting       | 4 |  4.1
Invocations    | 3 |  3.1
Polearms       | |  2.9
Dodging        | |  2.9

Action                   |  1- 3 |  4- 6 || total
-------------------------+-------+-------++-------
Melee: Spear             |   129 |    34 ||   163
       Tailslap          |     9 |     4 ||    13
       Halberd           |       |    15 ||    15
  Use: Potion            |       |     3 ||     3
 Stab: Sleeping          |     3 |     1 ||     4
  Eat: Chunk             |     1 |     2 ||     3
Armor: Skin              |    33 |     9 ||    42
Dodge: Dodged            |    52 |    29 ||    81
